 Dungeon Crawl Stone Soup version 0.21.1-1-g345015f (webtiles) character file.

114 inc the Chiller (level 4, 18/18 HPs)
             Began as a Felid Ice Elementalist on Feb 26, 2018.
             Was a Follower of Cheibriados.
             Quit the game on level 3 of the Dungeon.
             The game lasted 00:05:34 (2709 turns).

inc the Chiller (Felid Ice Elementalist)            Turns: 2709, Time: 00:05:35

Health: 18/18      AC:  1    Str:  6    XL:     4   Next: 66%
Magic:  10/10      EV: 18    Int: 17    God:    Cheibriados [*.....]
Gold:   37         SH:  0    Dex: 18    Spells: 8/9 levels left
                                        Lives:  1   Deaths: 0

rFire    . . .     SeeInvis +   (weapon unavailable)
rCold    . . .     Gourm    .   (shield unavailable)
rNeg     . . .     Faith    .   (armour unavailable)
rPois    .         Spirit   .   (helmet unavailable)
rElec    .         Reflect  .   (cloak unavailable)
rCorr    .         Harm     .   (gloves unavailable)
MR       .....                  (boots unavailable)
Stlth    +++.......             (no amulet)
HPRegen  0.06/turn              c - -2 ring of intelligence (curse)
MPRegen  0.12/turn              (no ring)

@: slow
A: very small, no armour, no weapons or thrown items, stealth, claws 1, fangs 3,
see invisible, carnivore, speed 1, shaggy fur 1, slow metabolism 1, sharp paws
a: Bend Time, Renounce Religion


You were on level 3 of the Dungeon.
You worshipped Cheibriados.
Cheibriados was aware of your devotion.
You were full.

You visited 1 branch of the dungeon, and saw 3 of its levels.

You collected 37 gold pieces.

Inventory:

Jewellery
 c - a cursed -2 ring of intelligence (left paw)
 i - a +2 ring of intelligence
Scrolls
 h - a scroll of remove curse {unknown}
 k - a scroll of identify {unknown}
 l - a scroll of magic mapping
 m - a scroll of teleportation {unknown}
Potions
 d - a potion of heal wounds {unknown}
 e - 3 potions of curing {unknown}
 f - a potion of might {unknown}
 g - a potion of agility {unknown}
 j - 2 potions of mutation {unknown}
Books
 a - a book of Frost

   Spells                             Type                      Level
   a - Freeze                         Ice                          1
   b - Throw Frost                    Conjuration/Ice              2
   c - Ozocubu's Armour               Charms/Ice                   3
   d - Throw Icicle                   Conjuration/Ice              4
   e - Summon Ice Beast               Ice/Summoning                4
Comestibles
 b - 6 rations


   Skills:
 - Level 2.6 Dodging
 - Level 2.6 Stealth
 + Level 3.3 Spellcasting
   Level 0.8 Conjurations
 - Level 4.1 Ice Magic


You had 8 spell levels left.
You knew the following spells:

 Your Spells              Type           Power        Failure   Level  Hunger
a - Freeze                Ice            ###.         3%          1    None


Dungeon Overview and Level Annotations

Branches:
Dungeon (3/15)

Altars:
Cheibriados
Hepliaklqana

Annotations:
D:2 Natasha


Innate Abilities, Weirdness & Mutations

You cannot wear armour.
You are incapable of wielding weapons or throwing items.
Your paws allow you to move quietly. (Stealth)
You have sharp claws.
You have razor-sharp teeth.
You have supernaturally acute eyesight. (SInv)
You are carnivorous and can eat meat at any time.
You cover ground quickly.
You are covered in fur. (AC +1)
You have a slow metabolism.
Your sharp claws are effective at attacking unaware monsters.


Message History

You kill the orc!
You start resting.
HP restored.
m - a scroll labeled GOUVEIPEFF
Found an escape hatch in the ceiling.
Found 18 stones.
Magic restored.
Found a faded altar of an unknown god.
A bat comes into view.
There is a faded altar of an unknown god here.
You cannot tell which god this altar belongs to.
Convert to them anyway?
Okay, then.
You cannot tell which god this altar belongs to.
Convert to them anyway?
Cheibriados accepts your prayer! Cheibriados welcomes you!
Cheibriados begins to support your attributes as your movement slows.
You can now bend time to slow others.
Cheibriados slows and strengthens your metabolism.
Cheibriados raises the support of your attributes as your movement slows.
Are you sure you want to abandon this character and quit the game? (Confirm with "yes".)

#........♣.........####....
#....#...♣....♣♣..# .
.......♣♣♣♣♣♣.♣♣.##
#....♣♣....♣...♣.########
###....♣♣.♣♣♣.♣♣♣♣.........
##......♣♣♣..♣.♣ ♣..........
#....†÷..♣♣..♣♣♣ ♣..........
##.###..♣.♣.♣.♣ ♣♣..........
#.......♣♣@♣♣♣♣♣...........
########..♣♣♣♣♣♣♣.♣♣...........
#.........♣♣♣♣.♣.♣♣♣...........
###.###.#......................
#....<#........##...##.........
#.#.###.####.####....+.........
#.....# ### #.# ######.....)...
####### ### #.........
#######.##


There were no monsters in sight!

Vanquished Creatures
  Robin (D:1)
  3 adders
  3 oozes
  2 dart slugs (D:1)
  An orc (D:3)
  5 bats
  A giant cockroach (D:1)
  14 goblins
  9 hobgoblins
  3 jackals (D:2)
  3 frilled lizards
  2 kobolds (D:1)
  6 rats
53 creatures vanquished.

Notes
Turn   | Place    | Note
-------+----------+-------------------------------------------
     0 | D:1      | inc the Felid Ice Elementalist began the quest for the Orb.
     0 | D:1      | Reached XP level 1. HP: 7/7 MP: 4/4
    17 | D:1      | Reached skill level 3 in Ice Magic
   114 | D:1      | Reached XP level 2. HP: 11/11 MP: 4/6
   919 | D:1      | Reached XP level 3. HP: 13/14 MP: 4/7
  1314 | D:1      | Reached skill level 4 in Ice Magic
  1451 | D:2      | Noticed Robin
  1578 | D:2      | Noticed Natasha
  1801 | D:1      | Killed Robin
  1801 | D:1      | Reached XP level 4. HP: 6/18 MP: 0/8
  2378 | D:2      | Found a hazy altar of Hepliaklqana.
  2681 | D:3      | Found a faded altar of an unknown god.
  2708 | D:3      | Became a worshipper of Cheibriados the Contemplative
  2708 | D:3      | Reached * piety under Cheibriados
  2709 | D:3      | Quit the game

Skill      XL: |  1  2  3  4 |
---------------+-------------+-----
Ice Magic      | 3 4 |  4.1
Spellcasting   | 3 |  3.3
Dodging        | |  2.6
Stealth        | |  2.6
Conjurations   | |  0.8

Action                   |  1- 3 |  4- 6 || total
-------------------------+-------+-------++-------
Melee: Unarmed           |    24 |    10 ||    34
       Bite              |     4 |       ||     4
 Cast: Freeze            |    59 |    33 ||    92
  Use: Scroll            |     3 |       ||     3
 Stab: Sleeping          |     8 |     1 ||     9
  Eat: Chunk             |     5 |     3 ||     8
Armor: Skin              |     1 |       ||     1
Dodge: Dodged            |    55 |    31 ||    86
